 Seeded DCSS version 0.30.1-4-g462c640d31 (webtiles) character file.

Game seed: 16812088435827037613 (custom seed)

413 Mune the Chopper (level 6, -6/42 HPs)
             Began as an Octopode Berserker on Aug 22, 2023.
             Was a Believer of Trog.
             Mangled by an ogre
             ... wielding a +0 giant club
              (29 damage)
             ... on level 5 of the Dungeon.
             The game lasted 00:06:08 (3745 turns).

Mune the Chopper (Octopode Berserker)               Turns: 3745, Time: 00:06:08

Health: -6/42      AC:  5    Str: 25    XL:     6   Next: 91%
Magic:  6/6        EV:  2    Int:  9    God:    Trog [**....]
Gold:   232        SH:  0    Dex: 11    Spells: 5/5 levels left

rFire   . . .        a - +0 hand axe
rCold   . . .        (no shield)
rNeg    . . .        (helmet restricted)
rPois   .            (no amulet)
rElec   .            e - ring of willpower
rCorr   .            f - ring of willpower
SInv    .            l - +4 ring of protection
Will    ++...        u - +6 ring of strength
Stlth   ++           (no ring)
HPRegen 0.27/turn    (no ring)
MPRegen 0.10/turn    (no ring)
                     (no ring)

%: no passive effects
@: sleeping
A: almost no armour, amphibious, 8 rings, camouflage 1, gelatinous body 1,
(nimble swimmer 1), tentacles
a: Renounce Religion, Berserk, Trog's Hand


You were on level 5 of the Dungeon.
You worshipped Trog.
Trog was pleased with you.
You visited 1 branch of the dungeon, and saw 5 of its levels.

You collected 232 gold pieces.

Inventory:

Hand Weapons
 a - a +0 hand axe (weapon)
Jewellery
 e - a ring of willpower (left tentacle)
 f - a ring of willpower (right tentacle)
 l - a +4 ring of protection (on tentacle)
 u - a +6 ring of strength (on tentacle)
Scrolls
 b - 3 scrolls of fog {unknown}
 d - 2 scrolls of amnesia {unknown}
 g - 2 scrolls of teleportation {unknown}
 h - a scroll of vulnerability {unknown}
 k - 2 scrolls of identify {unknown}
 n - a scroll of fear {unknown}
 o - a scroll of enchant armour {unknown}
 p - a scroll of torment {unknown}
 r - a scroll of immolation {unknown}
 s - a scroll of magic mapping {unknown}
 t - a scroll of noise {unknown}
Potions
 c - 2 potions of attraction {unknown}
 i - a potion of flight {unknown}
 j - 2 potions of curing {unknown}
 m - a potion of cancellation {unknown}
 q - a potion of invisibility {unknown}
 v - 2 potions of berserk rage {unknown}
 w - a potion of brilliance {unknown}


   Skills:
 - Level 3.0 Fighting
 + Level 7.5 Axes
 - Level 3.0 Dodging


You had 5 spell levels left.
You didn't know any spells.
Your spell library was empty.

Dungeon Overview and Level Annotations

Branches:
Dungeon (5/15)             Temple (0/1) D:4

Altars:


Innate Abilities, Weirdness & Mutations

You cannot wear most types of armour.
You are amphibious.
You can wear up to eight rings at the same time.
Your skin changes colour to match your surroundings (Stealth+).
Your rubbery body absorbs attacks. (AC +1, EV +1)
((You are camouflaged when in or above water. (Stealth+)))
You have tentacles for arms and can constrict up to eight enemies at once.


Message History

No target in view!
No target in view!
No target in view!
Found a scale mail.
Found 6 gold pieces.
Found a stone staircase leading down.
An ogre and an adder come into view.
The ufetubus shouts!
The ufetubus closely misses you. The ufetubus barely misses you.
The ogre shouts!
The adder hisses angrily.
You hit the ufetubus. Your grab misses the ufetubus.
Your squeeze misses the ufetubus.
The ufetubus is heavily wounded.
The ufetubus closely misses you.
The ufetubus hits you but does no damage.
You miss the ufetubus. Your grab misses the ufetubus.
The ufetubus is heavily wounded.
A sleepcap comes into view.
The ufetubus hits you. The ufetubus barely misses you.
You completely miss the ufetubus. You grab the ufetubus.
You squeeze the ufetubus.
You kill the ufetubus!
Trog accepts your kill.
You miss the adder. You grab the adder. You constrict the adder.
The adder bites you but does no damage. x2
You slash the adder!
You kill the adder!
Trog accepts your kill. The ogre misses you.
You hit the ogre.
The ogre is lightly wounded.
The ogre hits you with a +0 giant club!!
You hit the ogre. You squeeze the ogre!
The ogre is severely wounded.
You completely miss the sleepcap. The sleepcap releases spores at you.
You are engulfed in a cloud of soporific spores!
You fall asleep.
The ogre hits you with a +0 giant club!!
Ouch! That really hurt!
You die...

#..#.....#...............
##..............#.......#
###............#..:...##
#..................##
#...##............##
####.............##
##............#
#............#
#......@.....#
......fO.....#
.............#
.>...........#
........♣....#
...........#.#
##....♣...♣..#
#...........#


You could see an ogre and a sleepcap.

Vanquished Creatures
  2 phantoms (D:4)
  An orc priest (D:4)
  A sleepcap (D:4)
  2 iguanas (D:4)
  An orc wizard (D:4)
  7 adders
  An ufetubus (D:5)
  A worm (D:4)
  2 orcs (D:4)
  7 ball pythons
  4 endoplasms
  9 giant cockroaches
  4 goblins
  3 hobgoblins
  7 jackals
  2 kobolds
  A quokka (D:1)
  6 bats
  4 frilled lizards
  7 rats
72 creatures vanquished.

Notes
Turn   | Place    | Note
-------+----------+-------------------------------------------
     0 | D:1      | Mune the Octopode Berserker began the quest for the Orb.
     0 | D:1      | Reached XP level 1. HP: 16/16 MP: 1/1
   146 | D:1      | Reached XP level 2. HP: 16/21 MP: 2/2
   488 | D:1      | Reached skill level 4 in Axes
   488 | D:1      | Reached XP level 3. HP: 26/26 MP: 3/3
  1230 | D:2      | Identified the +6 hand axe of Circularity {pain, rF+ rN+
                  | Dex+3}
  1778 | D:3      | Reached ** piety under Trog
  1779 | D:3      | Reached XP level 4. HP: 12/31 MP: 4/4
  2268 | D:3      | Reached skill level 5 in Axes
  2499 | D:4      | Found a staircase to the Ecumenical Temple.
  2590 | D:4      | Reached XP level 5. HP: 24/36 MP: 5/5
  2892 | D:4      | Noticed a phantom
  2898 | D:4      | Killed a phantom
  2899 | D:4      | Reached skill level 6 in Axes
  2899 | D:4      | Reached XP level 6. HP: 42/42 MP: 6/6
  3082 | D:4      | Reached skill level 7 in Axes
  3716 | D:5      | Entered Level 5 of the Dungeon
  3745 | D:5      | Mangled by an ogre

Illustrated notes

Levels and vault maps discovered:
D:1:      sevenhm_arrival_forest_fort_large_2, layout_loops_cross,
          minmay_heptomino_l4
D:2:      layout_basic
D:3:      layout_basic
D:4:      layout_layer_cave, minmay_temple_entry_statues_pillars,
          minmay_pentangle
D:5:      old_forge, layout_cave_pools, nzn_overflow_gifts_of_might_and_magic,
          grunt_ministairs_2, kennysheep_generic_room_8

Skill      XL: |  1  2  3  4  5  6 |
---------------+-------------------+-----
Axes           | 4 5 6 7 |  7.5
Fighting       | |  3.0
Dodging        | |  3.0

Action                     |  1- 3 |  4- 6 || total
---------------------------+-------+-------++-------
  Melee: Hand axe          |    64 |    79 ||   143
         Constrict         |    17 |    15 ||    32
         Punch             |     3 |     1 ||     4
         Tentacles         |     7 |    21 ||    28
 Invoke: Berserk           |       |     2 ||     2
         Trog's Hand       |       |     1 ||     1
   Stab: Sleeping          |     9 |     7 ||    16
 Armour: Skin              |     9 |    17 ||    26
  Dodge: Dodged            |    36 |    48 ||    84
